[Event "Israeli Team U18-ch 2022"]
[Site "Be'er Ya'akov"]
[Date "2022.08.16"]
[Round "6.7"]
[White "Milikow, Elie"]
[Black "Vagman, Roy"]
[Result "1-0"]
[ECO "B56"]
[WhiteElo "2433"]
[BlackElo "2180"]
[Annotator "TA"]
[PlyCount "91"]
[EventDate "2022.08.14"]
[EventCountry "ISR"]
[SourceTitle "playchess.com"]
[Source "ChessBase"]
[SourceQuality "1"]
[TimeControl "3000+10"]

1. e4 c5 2. Nf3 d6 3. d4 cxd4 4. Nxd4 Nf6 5. Nc3 Nc6 6. f3 e5 7. Nb3 Be7 8. Be3 Be6 9. Nd5 Bxd5 10. exd5 Nb4 {[%emt 0:00:10] 10...Nb4 is better than 10...Nb8.} 11. c4 $1 {[%emt 0:01:15] B56: Classical Sicilian: Unusual Lines.} a5 12. Nd2 Nd7 13. a3 {[%emt 0:01:46] The position is equal.} Na6 14. Be2 {[%emt 0:06:01] [#]} Bg5 $146 ({Predecessor:} 14... Bh4+ 15. g3 Bg5 16. Bf2 f5 17. Rb1 O-O 18. O-O Bxd2 19. Qxd2 a4 20. f4 e4 {½-½ (37) Stambulian,A (2453)-Shapar,S (2145) Krasnodar 2003}) 15. Bf2 Nac5 16. Ne4 Nxe4 17. fxe4 a4 18. O-O Qc7 {[%emt 0:00:49] Inhibits c5.} 19. Kh1 Nc5 20. h4 Bh6 21. Bxc5 Qxc5 22. Rf3 O-O 23. Qg1 Qd4 24. Qxd4 exd4 25. b4 axb3 26. Rxb3 Ra7 27. g3 Re8 28. Bd3 Bd2 29. Rb6 Bc3 30. Ra2 f5 31. e5 dxe5 {[%emt 0:01:56] ...e4 is the strong threat.} 32. Bxf5 Ra6 $2 {[%emt 0:01:17] [#]} (32... e4 $15 {stays ahead.}) 33. Rxb7 $2 (33. Be6+ $1 $18 Rxe6 34. Rxe6 Rxe6 35. dxe6) 33... e4 $11 34. Re2 (34. Bd7 $5 Rf8 35. Be6+ Kh8 36. Re2 $14) 34... e3 ({Better is} 34... d3 $1 $11 35. Rxe4 Rxe4 36. Bxe4 d2) 35. c5 $36 {[%emt 0:00:30][%mdl 2048] Strongly threatening c6. White fights for an advantage.} Rf8 $2 (35... g6 $14 36. Bc2 Rxa3) 36. Bd3 $18 Raf6 37. d6 Rf1+ (37... Rc8 {was necessary.} 38. d7 Rd8) 38. Kg2 {[%emt 0:00:05] Hoping for c6.} Rd1 39. Bc4+ Kh8 40. c6 d3 41. Rxe3 {[%emt 0:00:05] Black must now prevent d7.} d2 42. Bb3 ({Don't go for} 42. Rxc3 $2 {[#]} Rg1+ $3 43. Kxg1 d1=Q+ 44. Kg2 Qd2+ 45. Kh3 Qxc3 $19) 42... Re1 43. Rxc3 {[%emt 0:00:04] Intending c7 and mate.} Re2+ 44. Kh3 {[%emt 0:00:03] White mates.} h5 45. c7 Re1 46. c8=Q {[%emt 0:00:12] Weighted Error Value: White=0.16 (very precise) /Black=0.53} 1-0

[Event "Israeli Team U18-ch 2022"]
[Site "Be'er Ya'akov"]
[Date "2022.08.16"]
[Round "6.9"]
[White "Kochavi, Dana"]
[Black "Sokolovsky, Yahli"]
[Result "0-1"]
[ECO "C95"]
[WhiteElo "1885"]
[BlackElo "2386"]
[Annotator "TA"]
[PlyCount "56"]
[EventDate "2022.08.14"]
[EventCountry "ISR"]
[SourceTitle "playchess.com"]
[Source "ChessBase"]
[SourceQuality "1"]
[TimeControl "3000+10"]

1. e4 e5 2. Nf3 Nc6 3. Bb5 a6 4. Ba4 Nf6 5. O-O Be7 6. Re1 b5 7. Bb3 d6 8. c3 O-O 9. h3 Nb8 10. d4 Nbd7 11. Nbd2 c5 12. Nf1 {[%emt 0:00:27] C95: Closed Ruy Lopez: Breyer Variation with 10 d4.} Re8 13. Ng3 Bf8 14. dxc5 {[%emt 0:03:05] White has an edge.} Nxc5 15. Bc2 Bb7 16. b4 Ne6 {[%emt 0:04:27] [#]} 17. a4 $146 ({Predecessor:} 17. Bb3 Rc8 18. Bd2 h6 19. Rc1 Nf4 20. Bc2 d5 21. a3 dxe4 22. Nxe4 N6d5 23. Bxf4 exf4 {0-1 (44) Palakollu,S (1654)-Krasnokutskaya,S (1813) Al Ain 2013}) 17... Qc7 18. Bb2 Nf4 19. Nd2 (19. Ne2 $15) 19... Rad8 20. Ne2 N6h5 {[%emt 0:04:36] Black is much more active.} ({Better is} 20... d5 $17 21. Nxf4 exf4) 21. Nxf4 (21. Ng3 $15 Nf6 22. Ne2) 21... Nxf4 $17 22. Kh2 {[%emt 0:02:08] [#]} (22. axb5 $17 {keeps fighting.} axb5 23. Qf3) 22... d5 $1 $19 23. Qb1 d4 24. Ra3 (24. Bc1) 24... a5 25. Ba1 (25. axb5 $142 axb4 26. cxb4) 25... dxc3 {[%emt 0:01:27] Black is clearly winning.} 26. Bxc3 (26. Rxc3 $142 Qb6 27. Nf3 Qxf2 28. Rg1 Bxb4 29. Rc7) 26... axb4 27. Bxb4 Bxb4 28. Qxb4 Qxc2 {[%emt 0:00:08] Weighted Error Value: White=0.70/Black=0.14 (very precise)} 0-1

[Event "Israeli Team U18-ch 2022"]
[Site "Be'er Ya'akov"]
[Date "2022.08.16"]
[Round "6.10"]
[White "Neiman, Maks"]
[Black "Shefer, Uri"]
[Result "1-0"]
[ECO "B06"]
[WhiteElo "2110"]
[BlackElo "1854"]
[Annotator "TA"]
[PlyCount "118"]
[EventDate "2022.08.14"]
[EventCountry "ISR"]
[SourceTitle "playchess.com"]
[Source "ChessBase"]
[SourceQuality "1"]
[TimeControl "3000+10"]

1. d4 g6 2. h4 h5 3. Nc3 Bg7 4. e4 d6 5. Be3 a6 6. a4 {[%emt 0:00:46] B06: Modern Defence.} Nf6 7. f3 Nbd7 8. Bc4 {[%emt 0:01:10] White is slightly better.} e5 {[%emt 0:02:49] [#]} 9. Nge2 $146 ({Predecessor:} 9. Nh3 exd4 10. Bxd4 O-O 11. Ng5 Ne5 12. Bxe5 {1-0 (12) Grolleau,M (1804)-Flom,G (2483) Europe Echecs INT 2021}) 9... O-O 10. Qd2 Nb6 11. Bb3 exd4 12. Nxd4 d5 13. e5 Nh7 14. O-O-O (14. g4 $1 $16 ) 14... c5 (14... Bxe5 $14 15. a5 Nc4 16. Bxc4 dxc4) 15. Nde2 $16 {[%emt 0:00:28][%csl LRc5,LRd5] White is more active.} d4 {[%emt 0:00:25] [#]} 16. Bh6 ({White has to play} 16. Nxd4 $1 $16 {[%mdl 512] aiming for Nde2.} cxd4 (16... Bxe5 17. Nde2) 17. Qxd4) 16... Qe8 (16... dxc3 $11 {remains equal.} 17. Bxf7+ (17. Qxd8 Bxh6+ 18. Kb1 Rxd8 $15) 17... Kxf7 18. Qf4+ Kg8 19. Rxd8 cxb2+ 20. Kxb2 Bxe5+ 21. Qxe5 Nc4+ 22. Kc1 Nxe5 23. Bxf8 Nxf8) 17. Ne4 {[%emt 0:02:01] Threatens to win with Bxg7.} Qxe5 18. Bf4 Qf5 (18... Qe8 $1 $14) 19. Bd6 (19. g4 $18 hxg4 20. N2g3) 19... Re8 $2 (19... c4 $16) 20. N2g3 $18 {[%emt 0:03:52][%mdl 64] Deflection} (20. Bxc5 $6 Rxe4 21. Bxb6 Re8 $18) (20. Nxc5 Qf6 21. Bg3 Qc6 $11) 20... Qd7 21. Bxc5 Nxa4 (21... Qc6 $142 22. a5 (22. Bxd4 Bxd4 23. Qxd4 Be6 $18) (22. Qf4 Be6 $14) 22... Nd5 23. Bxd4 Ndf6) 22. Bxd4 Bxd4 23. Qxd4 Qxd4 24. Rxd4 b5 {[%emt 0:00:23] [#]} 25. Nd6 (25. Bxf7+ $142 $1 Kxf7 26. Nd6+ Ke7 27. Nxe8 Kxe8 28. Re1+ Kf7 29. Rf4+ Bf5 30. Nxf5 gxf5 31. Rxf5+ Kg6 32. g4) 25... Rf8 26. Re1 {[%emt 0:01:15] Nxf7 is the strong threat.} Nc5 27. Bd5 Ra7 28. Nge4 {[%emt 0:00:43] Prevents Nf6.} ({White should play} 28. b4 $1 $18 Na4 29. Bb3) 28... Ne6 (28... Nxe4 $14 29. Nxe4 (29. Bxe4 Nf6 $11) 29... Rd7) 29. Nxc8 Rxc8 30. Rd2 (30. Bxe6 $18 fxe6 31. Nd6) 30... Rd8 (30... Nhf8 $14) 31. Bxe6 $16 Rxd2 32. Bxf7+ Kxf7 33. Kxd2 {[%emt 0:00:01][%mdl 4096] Endgame KRN-KRN} Rd7+ 34. Kc3 Rc7+ {[%emt 0:00:16] [#]} (34... Nf6 $16 {is a better defense.} 35. Ng5+ Kg7) 35. Kb3 $1 $18 Rc6 36. Rd1 {[%emt 0:00:27] Black must now prevent Rd7+.} Ke7 {[%emt 0:00:14] Inhibits Rd7+.} 37. Nc3 Nf6 38. Ne2 Rc4 39. Rd4 ({Better is} 39. Nd4) 39... Rc5 (39... Rxd4 $142 40. Nxd4 Nd5) 40. Nf4 $16 g5 (40... Kf7 $16 {was called for.} 41. Rd6 a5) 41. hxg5 $18 Rxg5 {[%emt 0:00:01] [#]} 42. Kb4 $1 Nd7 43. Nd5+ Kd8 $2 (43... Ke6) 44. Nf6 Rxg2 45. Rxd7+ {[%emt 0:00:11] KRN-KR} Kc8 46. Rh7 Rxc2 47. Kb3 Rf2 48. Kb4 $2 (48. Nxh5 $18 {Strongly threatening Rf7.} Rxf3+ 49. Kb4) 48... Rxb2+ $2 (48... Rc2 $1 $11 {and Black stays safe.}) 49. Ka5 Rd2 50. Rxh5 ({But not} 50. Nxh5 Rd5 51. Ng7 (51. Kxa6 Rf5 $16) 51... Kd7 $18) 50... Rd6 (50... Kd8 {was worth a try.} 51. Rh7 Rd6) 51. Ne4 Re6 52. Rh8+ Kc7 53. Nc5 Rf6 54. Nxa6+ Kd6 55. Rh3 Rf5 56. Nb4 Kc5 57. Nc2 (57. f4 $1 $18) 57... Kc6 $2 (57... Rf4 $14 58. Rh5+ Kc4) 58. Nd4+ Kc5 59. Nc2 $2 (59. Nxf5 {mates} Kd5 60. Ne3+ Ke5 61. Rh4 b4 62. Kxb4 Kf6 63. Kc5 Ke7 64. Kc6) 59... Kd5 $2 {[%emt 0:00:10][%mdl 8192] Weighted Error Value: White=0.51/Black=0.61} (59... Kc6 $11 60. Nd4+ Kd6 61. Nxf5+ Ke6 62. Ne3 Ke5 63. Kxb5 Kd6 64. f4 Kd7) 1-0

[Event "Israeli Team U18-ch 2022"]
[Site "Be'er Ya'akov"]
[Date "2022.08.16"]
[Round "6.11"]
[White "Soybert, Ori"]
[Black "Borodety, Itamar"]
[Result "0-1"]
[ECO "B70"]
[WhiteElo "1753"]
[BlackElo "1939"]
[Annotator "NA RC"]
[PlyCount "52"]
[EventDate "2022.08.14"]
[EventCountry "ISR"]
[SourceTitle "playchess.com"]
[Source "ChessBase"]
[SourceQuality "1"]
[TimeControl "3000+10"]

1. e4 c5 2. Nf3 d6 3. d4 cxd4 4. Nxd4 Nf6 5. Nc3 g6 6. Bc4 Bg7 7. O-O O-O 8. Bb3 Nc6 9. Nde2 Bd7 10. f3 Na5 11. Be3 b5 12. Qd2 a6 13. Nf4 Rc8 14. Ncd5 Nxd5 15. Nxd5 Nc4 (15... Bxb2 $2 16. Bb6 Qe8 17. Bxa5 $18) 16. Bxc4 Rxc4 17. Bb6 Qe8 18. c3 Be6 19. Rfd1 Qd7 20. Be3 Bxd5 21. Qxd5 Qc7 22. a3 Rc8 23. Rd2 Qb8 24. Rad1 a5 25. Bd4 $2 {[%emt 0:00:48] [#]} (25. g3 $1 $11) 25... Bh6 $19 26. Re2 e6 0-1

[Event "Israeli Team U18-ch 2022"]
[Site "Be'er Ya'akov"]
[Date "2022.08.16"]
[Round "6.12"]
[White "Ratner, Krystyna"]
[Black "Bercovici, Yaniv"]
[Result "1-0"]
[ECO "E11"]
[WhiteElo "1553"]
[BlackElo "1548"]
[Annotator "NA RC"]
[PlyCount "158"]
[EventDate "2022.08.14"]
[EventCountry "ISR"]
[SourceTitle "playchess.com"]
[Source "ChessBase"]
[SourceQuality "1"]
[TimeControl "3000+10"]

1. d4 Nf6 2. Nf3 e6 3. c4 Bb4+ 4. Bd2 Qe7 5. g3 Bxd2+ 6. Nbxd2 d6 7. Bg2 e5 8. e3 O-O 9. O-O a5 10. Rc1 Nc6 11. a3 a4 12. Nb1 Nd7 13. Nc3 Nb6 14. Nd5 Nxd5 15. cxd5 Nb8 16. Qc2 c6 17. Rfd1 Bg4 18. h3 Bh5 19. dxe5 dxe5 20. Qf5 g6 21. d6 Qe8 22. Qe4 Bxf3 23. Bxf3 Nd7 24. Qb4 c5 25. Qxb7 Rb8 26. Qc7 e4 27. Bg4 f5 28. Be2 Rxb2 29. Bc4+ Kh8 30. Qa5 Qe5 31. Bb5 c4 32. Rb1 Rxb1 33. Rxb1 Qxd6 34. Qc3+ Ne5 35. Bxa4 Qf6 36. Kg2 Nf3 37. Qb4 Rc8 38. Bd1 Ne5 39. Qc3 Rd8 40. Be2 Kg7 41. Rb7+ Kh6 42. Rb5 Re8 43. Bxc4 Qc6 44. Rxe5 Qf6 45. Bb5 Qxe5 46. Qxe5 Rxe5 47. a4 Re7 48. h4 Kg7 49. f3 exf3+ 50. Kxf3 Kf6 51. Bc6 Re6 52. Bd5 Ra6 53. Bb3 Ke5 54. Bc2 Ra5 55. Bb3 Kd6 56. e4 Rc5 57. Kf4 fxe4 58. Kxe4 Rc3 59. Bg8 h6 60. Kf4 Ra3 61. Bf7 Rxa4+ 62. Kf3 Ra3+ 63. Kg4 Ra4+ 64. Kf3 g5 65. hxg5 hxg5 66. g4 Ke5 67. Be8 Ra3+ 68. Kg2 Ra2+ 69. Kf3 Ra3+ 70. Kg2 Kf4 71. Bd7 Rg3+ 72. Kf2 Ra3 73. Be6 Rc3 74. Kg2 Rc2+ 75. Kg1 Kg3 76. Kf1 Rb2 77. Bd7 Kf3 78. Kg1 Rd2 79. Bf5 Rf2 1-0

[Event "Israeli Team U18-ch 2022"]
[Site "Be'er Ya'akov"]
[Date "2022.08.16"]
[Round "6.13"]
[White "Sobel, Ido"]
[Black "Levi, Yaniv"]
[Result "1-0"]
[ECO "C50"]
[WhiteElo "1870"]
[BlackElo "1499"]
[Annotator "NA RC"]
[PlyCount "45"]
[EventDate "2022.08.14"]
[EventCountry "ISR"]
[SourceTitle "playchess.com"]
[Source "ChessBase"]
[SourceQuality "1"]
[TimeControl "3000+10"]

1. e4 e5 2. Bc4 Nf6 3. d3 d5 4. exd5 Nxd5 5. Nf3 Nc6 6. h3 h6 7. O-O Bc5 $16 {[%emt 0:00:00] [#]} (7... Nb6 $14) 8. Re1 $1 O-O 9. Nxe5 Nxe5 10. Rxe5 Bxf2+ 11. Kxf2 Nb6 (11... Qh4+ $142 12. Kf1 (12. Ke2 Bg4+ 13. hxg4 Qxg4+ 14. Ke1 Qh4+ 15. Ke2 Qg4+ 16. Ke1 Qh4+ 17. Ke2 Qg4+ $11) 12... Qf6+ 13. Qf3 Qxe5) 12. Re4 Bf5 13. Rf4 Qd7 14. Qf3 Nxc4 15. Rxc4 g5 16. Nc3 b5 17. Rc5 Be6 18. Bxg5 Kh7 19. Ne4 Qd4+ 20. Be3 Qxb2 21. Nf6+ Kh8 {[%emt 0:00:50] [#]} 22. Qf4 $1 Bf5 23. Qxh6+ 1-0

[Event "Israeli Team U18-ch 2022"]
[Site "Be'er Ya'akov"]
[Date "2022.08.16"]
[Round "6.14"]
[White "Gilad, Tomer"]
[Black "Sobel, Alon"]
[Result "1/2-1/2"]
[ECO "B22"]
[WhiteElo "1554"]
[BlackElo "1843"]
[Annotator "NA RC"]
[PlyCount "42"]
[EventDate "2022.08.14"]
[EventCountry "ISR"]
[SourceTitle "playchess.com"]
[Source "ChessBase"]
[SourceQuality "1"]
[TimeControl "3000+10"]

1. e4 c5 2. Nf3 e6 3. c3 d5 4. exd5 exd5 5. d4 cxd4 6. Nxd4 Nf6 7. Bf4 Be7 8. Nd2 O-O 9. Bd3 Nc6 10. N2b3 Bd6 11. Bxd6 Re8+ 12. Be2 Qxd6 13. O-O a6 14. Rc1 Be6 15. f4 Nxd4 16. Nxd4 Qb6 17. Qb3 Qxb3 (17... Qc7 $11) 18. axb3 Bg4 19. Bxg4 Nxg4 20. Rce1 Re4 21. Rxe4 dxe4 $14 1/2-1/2

[Event "Israeli Team U18-ch 2022"]
[Site "Be'er Ya'akov"]
[Date "2022.08.16"]
[Round "6.16"]
[White "Ben-Gera, Omer"]
[Black "Gavriel, Adam"]
[Result "1-0"]
[ECO "B84"]
[WhiteElo "1304"]
[BlackElo "1409"]
[Annotator "NA RC"]
[PlyCount "83"]
[EventDate "2022.08.14"]
[EventCountry "ISR"]
[SourceTitle "playchess.com"]
[Source "ChessBase"]
[SourceQuality "1"]
[TimeControl "3000+10"]

1. e4 c5 2. Nf3 e6 3. d4 cxd4 4. Nxd4 a6 5. Nc3 Qc7 6. Be2 Nf6 7. O-O d6 8. Kh1 b5 9. a3 Bb7 10. Qd3 Nbd7 11. b4 Rc8 12. Bb2 Ne5 13. Qe3 g6 14. a4 bxa4 15. Rxa4 Bg7 16. f4 Nc4 17. Bxc4 Qxc4 18. Rd1 Ng4 19. Qd2 e5 20. b5 Qc7 21. bxa6 exd4 22. axb7 Qxb7 23. Ba3 dxc3 24. Qe2 Qd7 25. Ra6 O-O 26. Rdxd6 Rb8 27. Rxd7 Rb1+ 28. Rd1 Rxd1+ 29. Qxd1 Nf2+ 30. Kg1 Nxd1 31. Bxf8 Kxf8 32. e5 Ke7 33. g3 f6 34. Ra7+ Kf8 35. e6 f5 36. Rf7+ Kg8 37. Rd7 Kf8 38. Rxd1 Ke7 39. Rd7+ Kf8 40. Kf2 h6 41. Ke3 Bf6 42. Rf7+ 1-0

[Event "Israeli Team U18-ch 2022"]
[Site "Be'er Ya'akov"]
[Date "2022.08.16"]
[Round "6.17"]
[White "Michaeli, Omri"]
[Black "Zakin, Ilay"]
[Result "0-1"]
[ECO "B33"]
[WhiteElo "1896"]
[BlackElo "1672"]
[Annotator "NA RC"]
[PlyCount "84"]
[EventDate "2022.08.14"]
[EventCountry "ISR"]
[SourceTitle "playchess.com"]
[Source "ChessBase"]
[SourceQuality "1"]
[TimeControl "3000+10"]

1. e4 c5 2. Nf3 Nc6 3. d4 cxd4 4. Nxd4 Nf6 5. Nc3 e5 6. Ndb5 d6 7. Bg5 a6 8. Na3 b5 9. Nd5 Be7 10. Bxf6 Bxf6 11. c4 b4 12. Nc2 Rb8 13. b3 O-O 14. g3 Bg5 15. h4 Bh6 16. Bh3 Be6 17. Kf1 a5 18. Kg2 Rb7 19. Qe2 Qd7 20. g4 f6 21. Rad1 Ne7 22. c5 (22. Nxe7+ $11 Qxe7 23. Ne3) 22... Bxd5 23. exd5 Ng6 (23... dxc5 $2 24. g5 Qd6 25. gxh6 $18) 24. Qe4 {[%emt 0:07:38] [#]} (24. Kf1 $11 Nf4 25. g5 Nxe2 26. Bxd7 Rxd7 27. Kxe2 fxg5 28. Rdg1 gxh4 29. Rxh4) 24... Nf4+ $1 ({Resist} 24... dxc5 25. g5 f5 26. Qc4 $16) 25. Kg3 ({Better is} 25. Kh2 f5 26. gxf5 Nxh3 27. Kxh3) 25... dxc5 26. g5 Nxh3 27. Rxh3 (27. gxh6 $142 Nf4 28. Ne3) 27... fxg5 28. hxg5 Rf4 29. Qe2 Bxg5 30. Ne3 Rb6 ({Avoid the trap} 30... Rd4 $2 31. Qh5 Bf4+ 32. Kg2 $19) 31. f3 (31. Ng2 $142) 31... Rg6 32. Ng4 e4 ({And not} 32... Rd4 33. Rxd4 exd4 34. Qe4 $19) 33. fxe4 {[%emt 0:01:26] [#]} Rxg4+ $1 34. Kf2 Rf6+ ({Not} 34... Rxe4 35. Qxe4 Rf6+ 36. Kg2 $11 (36. Rf3 Rd6 $11)) 35. Rf3 Rxf3+ 36. Kxf3 Rf4+ $19 (36... h5 $142 37. Kf2 Qf7+ 38. Qf3 Rf4 39. Rd3 Qf6 40. d6 Rxf3+ 41. Rxf3 Qxd6 42. Kg2 Qd4 43. e5 Qxe5 44. Rf2 Bh4 45. Kf3 Qf5+ 46. Ke2 Bxf2 47. Kd2 Qf3 48. Kc2 Qe2+ 49. Kc1 Be3+ 50. Kb1 Qd1+ 51. Kb2 Bd4#) 37. Kg3 Qd6 38. e5 Qg6 39. d6 Bh6+ 40. Kh3 Qf5+ 41. Kg3 Qg5+ 42. Kh3 Rh4# 0-1

[Event "Israeli Team U18-ch 2022"]
[Site "Be'er Ya'akov"]
[Date "2022.08.16"]
[Round "6.18"]
[White "Linik, Daniel"]
[Black "Shocron, Alon"]
[Result "0-1"]
[ECO "B22"]
[WhiteElo "1476"]
[BlackElo "1895"]
[Annotator "NA RC"]
[PlyCount "51"]
[EventDate "2022.08.14"]
[EventCountry "ISR"]
[SourceTitle "playchess.com"]
[Source "ChessBase"]
[SourceQuality "1"]
[TimeControl "3000+10"]

1. e4 c5 2. c3 Nf6 3. e5 Nd5 4. d4 cxd4 5. cxd4 d6 6. Nf3 e6 7. Bd3 Nc6 (7... dxe5 $11 8. dxe5 Nd7) 8. Bg5 Qb6 9. Qd2 h6 10. Be3 dxe5 11. Nxe5 Nxe5 12. dxe5 Nxe3 13. fxe3 Bc5 14. Ke2 Bd7 15. Nc3 Rd8 16. Ne4 Bb5 17. Nf2 O-O 18. b4 $2 {[%emt 0:01:11] [#]} (18. a4 {only move.} Bc6 19. a5) 18... Bxb4 $1 19. Qb2 (19. Qc2 $142 Rc8 20. Qb2 Bxd3+ 21. Nxd3) 19... Bxd3+ 20. Nxd3 {[%emt 0:00:13] [#]} Rxd3 $1 21. Kxd3 $19 Rd8+ 22. Ke4 Qc6+ 23. Kf4 Rd2 24. Qxd2 Bxd2 25. Kg3 Qe4 26. h3 0-1

[Event "Israeli Team U18-ch 2022"]
[Site "Be'er Ya'akov"]
[Date "2022.08.16"]
[Round "6.19"]
[White "Kabakov, Iddo"]
[Black "Arian, Tal"]
[Result "1/2-1/2"]
[ECO "D78"]
[WhiteElo "1592"]
[BlackElo "1258"]
[Annotator "NA RC"]
[PlyCount "26"]
[EventDate "2022.08.14"]
[EventCountry "ISR"]
[SourceTitle "playchess.com"]
[Source "ChessBase"]
[SourceQuality "1"]
[TimeControl "3000+10"]

1. d4 c6 2. c4 d5 3. Nf3 Nf6 4. g3 g6 5. Bg2 Bg7 6. O-O O-O 7. Nc3 Nbd7 8. b3 dxc4 9. bxc4 c5 10. Rb1 Qa5 11. Bd2 cxd4 12. Nxd4 Qc5 13. e3 Qxc4 1/2-1/2

[Event "Israeli Team U18-ch 2022"]
[Site "Be'er Ya'akov"]
[Date "2022.08.16"]
[Round "6.20"]
[White "Mizrahi, Omer"]
[Black "Sade, Elad"]
[Result "0-1"]
[ECO "D02"]
[WhiteElo "1438"]
[BlackElo "1359"]
[Annotator "NA RC"]
[PlyCount "87"]
[EventDate "2022.08.14"]
[EventCountry "ISR"]
[SourceTitle "playchess.com"]
[Source "ChessBase"]
[SourceQuality "1"]
[TimeControl "3000+10"]

1. d4 e6 2. Nf3 d5 3. Bf4 Nf6 4. e3 c5 5. c3 Nc6 6. Nbd2 Be7 7. h3 O-O 8. Bd3 Bd7 9. O-O h6 10. Re1 Re8 11. Qe2 a6 12. dxc5 Bxc5 13. Bc2 e5 14. Bh2 e4 15. Nd4 Nxd4 16. cxd4 Bb4 17. Rec1 Rc8 18. a3 Ba5 19. b4 Bb5 20. Qd1 Bc7 21. Ba4 Bxh2+ 22. Kxh2 Qd7 23. Bxb5 Qxb5 24. Nb3 Nd7 25. Qd2 Nb6 26. Nc5 Nc4 27. Qd1 b6 28. Nb3 Rc7 29. Rc3 Rec8 30. Qc1 Qd7 31. Ra2 Na5 32. Rac2 Rxc3 33. Rxc3 Rxc3 34. Qxc3 Nxb3 35. Qxb3 Qc7+ 36. g3 Qc4 37. Qb2 Qf1 38. Qc2 Kh7 39. Qb2 g5 40. Qc2 h5 41. Qd2 Kg6 42. g4 hxg4 43. hxg4 f5 44. gxf5+ 0-1

[Event "Israeli Team U18-ch 2022"]
[Site "Be'er Ya'akov"]
[Date "2022.08.16"]
[Round "7.1"]
[White "Levin, Guy"]
[Black "Levi, Yaniv"]
[Result "1-0"]
[ECO "A04"]
[WhiteElo "2363"]
[BlackElo "1499"]
[Annotator "TA"]
[PlyCount "71"]
[EventDate "2022.08.14"]
[EventCountry "ISR"]
[SourceTitle "playchess.com"]
[Source "ChessBase"]
[SourceQuality "1"]
[TimeControl "3000+10"]

1. Nf3 b6 2. g3 Bb7 3. Bg2 e5 4. d3 d6 5. O-O Nf6 6. e4 {[%emt 0:00:19] A04: Unusual lines after 1 Nf3 and King's Indian Attack.} Nc6 7. Nc3 g6 8. Bg5 {[%emt 0:00:20] [#] White is slightly better.} h6 $146 ({Predecessor:} 8... Bg7 9. Nd5 O-O 10. Nxf6+ Bxf6 11. Bh6 Re8 12. Qd2 d5 13. Ng5 d4 14. c3 a5 {0-1 (29) Heieck,J-Boetzer,F freechess.de 2016}) 9. Bxf6 Qxf6 10. Nd5 Qd8 11. d4 Bg7 12. dxe5 dxe5 13. c3 Ne7 14. c4 O-O 15. Qc2 (15. Rc1 $11) 15... c6 (15... Nxd5 $15 16. exd5 f5) 16. Nc3 Bc8 17. c5 bxc5 (17... Be6 $11) 18. Na4 Rb8 19. Nxc5 f5 20. Rad1 Qe8 21. Rd6 {[%emt 0:02:06] 0x0.001f2557aaafdp-1022s more active pieces. The black rooks are badly placed.} (21. Nd2 $16) 21... fxe4 $14 22. Nxe4 Ba6 {[%emt 0:01:07] [#]} (22... Nf5 $14) 23. Re1 $1 $18 Nd5 (23... Rd8 {was worth a try.} 24. Rxd8 Qxd8) 24. a3 {[%emt 0:04:22] Hoping for Nc5.} ({Don't do} 24. Qxc6 $6 Qxc6 25. Rxc6 Rb6 26. Rxb6 Nxb6 $16) 24... Rb6 (24... Bc8 $142 25. b4 (25. Qxc6 Qxc6 26. Rxc6 Rxb2 $16) 25... Rb6) 25. b4 {[%emt 0:00:47] Nh4 is the strong threat.} Kh8 $2 (25... Bc8 26. Nfd2 Bf5) 26. Nh4 {[%emt 0:00:41] White is clearly winning.} Kh7 27. Nxg6 Rf5 28. Nh4 {[%emt 0:00:20] Pair of Knights!} Bc8 29. Nxf5 Bxf5 {[%emt 0:00:28] [#]} 30. Ng5+ $1 hxg5 31. Qxf5+ Kh8 32. Qxg5 {[%emt 0:00:55] White threatens Rd8 and mate.} Rb8 {[%emt 0:00:30] Inhibits Rd8.} 33. Bxd5 cxd5 34. Rxd5 Rc8 35. Rdxe5 Bxe5 36. Qxe5+ {[%emt 0:00:08] Weighted Error Value: White=0.19 (very precise) /Black=0.40} (36. Rxe5 $142 Rc1+ 37. Kg2 Qc6+ 38. Rd5) 1-0

[Event "Israeli Team U18-ch 2022"]
[Site "Be'er Ya'akov"]
[Date "2022.08.16"]
[Round "7.2"]
[White "Gilad, Tomer"]
[Black "Kochavi, Ori"]
[Result "0-1"]
[ECO "B10"]
[WhiteElo "1554"]
[BlackElo "2364"]
[Annotator "TA"]
[PlyCount "86"]
[EventDate "2022.08.14"]
[EventCountry "ISR"]
[SourceTitle "playchess.com"]
[Source "ChessBase"]
[SourceQuality "1"]
[TimeControl "3000+10"]

1. e4 c6 2. c4 d5 3. exd5 cxd5 4. cxd5 Nf6 5. Bb5+ Nbd7 6. Nc3 a6 {[%emt 0:00:39] 6...g6 gains popularity.} 7. Be2 Nb6 8. Nf3 g6 {[%emt 0:00:28] B10: Caro-Kann: 2 d3 and 2 c4.} 9. O-O Bg7 10. d4 O-O {[%emt 0:00:19] The position is equal.} 11. Ne5 Nfxd5 12. Bf3 Be6 13. Ne4 Rc8 14. Nc5 Bxe5 (14... Qd6 {looks sharper.} 15. Nxe6 Qxe6 16. Bg4 f5) 15. Nxe6 Bxh2+ {[%emt 0:00:12] [#]} 16. Kxh2 $146 {[%emt 0:00:14] [#]} (16. Kh1 $1 $11 {remains equal.} fxe6 17. Kxh2) ({Predecessor:} 16. Kh1 fxe6 17. Kxh2 Qc7+ 18. g3 Qc2 19. Kg2 Qxd1 20. Bxd1 Nb4 21. Bg4 Rc6 22. Bh6 {0-1 (49) Shaw,J (2380)-Grant,J (2275) Largs 1998}) 16... fxe6 (16... Qd6+ $1 $17 17. Kg1 Qxe6) 17. Bg4 ({White should play} 17. Bh6 $14) 17... Qd6+ $11 18. Kg1 Rc6 (18... Nf6 $11) 19. Re1 {[%emt 0:02:47][%mdl 1024] White has compensation.} Nc7 20. b3 (20. Bh6 $14) 20... Nbd5 21. Re5 Nc3 22. Qd2 N3b5 ({Black should try} 22... Rd8 $1 $15) 23. Bb2 $14 {[%emt 0:02:05] A strong pair of Bishops.} Rd8 $2 {[%emt 0:00:57] [#]} (23... Na3 $16) 24. Rd1 $2 {[%emt 0:04:28] [#]} (24. d5 $1 $18 Nxd5 25. Bxe6+ Qxe6 26. Rxe6 Rxe6 27. a4) 24... Qxe5 $1 $11 25. dxe5 Rxd2 26. Rxd2 Nc3 27. Rc2 (27. a3 $11) 27... Nxa2 $17 {[%emt 0:01:05] Black continues to play with concentration.} 28. Rd2 (28. Rxc6 $17 bxc6 29. f4) 28... Nb4 29. Rd7 Kf7 30. Ba3 $2 (30. Bf3 {is a better defense.} Rc2 31. Ba3) 30... Nbd5 $19 31. Rd8 b5 32. Rh8 Kg7 33. Rc8 Rc3 34. Bd6 a5 {[%emt 0:03:32] Against b4. And now ...Kf7 would win.} ({Weaker is} 34... exd6 35. exd6 Nb6 36. Rxc7+ Rxc7 37. dxc7 $17) 35. Bxc7 Nxc7 ({Don't go for} 35... Rxc7 $2 36. Ra8) 36. Bxe6 {[%emt 0:00:00][%mdl 4096] Endgame KRB-KRN} a4 37. bxa4 bxa4 38. Rg8+ (38. Kh2 {keeps fighting.}) 38... Kh6 39. Bd7 $2 (39. Ba2) 39... a3 {[%emt 0:00:11] Black is clearly winning.} 40. Be6 Nxe6 41. Ra8 Nd4 {[%emt 0:00:42] White must now prevent ...Nb5.} 42. Ra4 Nb5 43. Kh2 Rc2 {[%emt 0:00:04] Weighted Error Value: White=0.80/Black=0.36} 0-1